 Dungeon Crawl Stone Soup version 0.32-a0-665-g3d30ec2550 (webtiles) character file.

Game seed: 8392437797643649258

26894 nuthulu the Warrior (level 13, 0/129 (130) HPs)
             Began as a Minotaur Fighter on Mar 9, 2024.
             Was a High Priest of Okawaru.
             Slain by Rupert
             ... wielding a +2 battleaxe of electrocution
              (18 damage)
             ... while paralysed by Rupert
             ... on level 3 of the Lair of Beasts.
             The game lasted 00:21:37 (13417 turns).

nuthulu the Warrior (Minotaur Fighter)             Turns: 13417, Time: 00:21:37

HP:   0/129 (130)   AC: 22    Str: 26    XL:     13   Next: 1%
MP:   18/18         EV:  2    Int:  5    God:    Okawaru [*****.]
Gold: 704           SH:  0    Dex: 10    Spells: 12/12 levels left

rFire   . . .        a - +3 war axe
rCold   . . .        c - +0 buckler
rNeg    . . .        k - +0 plate armour
rPois   +            (helmet restricted)
rElec   .            F - +2 cloak {Stlth+}
rCorr   .            l - +1 pair of gloves
SInv    +            G - +2 pair of boots
Will    .....        r - amulet of regeneration Stlth
                     j - ring of see invisible
HPRegen 1.21/turn    t - ring of poison resistance
MPRegen 0.16/turn

%: no passive effects
@: paralysed, mighty, hasted, lightly drained, invisible
A: horns 2, retaliatory headbutt
a: Renounce Religion, Heroism, Finesse, Duel


You were on level 3 of the Lair of Beasts.
You worshipped Okawaru.
Okawaru was extremely pleased with you.
You visited 3 branches of the dungeon, and saw 15 of its levels.

You collected 1883 gold pieces.
You spent 1179 gold pieces at shops.

Inventory:

Hand Weapons
 a - a +3 war axe (weapon)
 H - a +2 flail of protection
Armour
 c - a +0 buckler (worn)
 k - a +0 plate armour (worn)
 l - a +1 pair of gloves (worn)
 F - a +2 cloak of stealth (worn)
 G - a +2 pair of boots (worn)
Jewellery
 h - an amulet of faith
 i - a ring of fire
 j - a ring of see invisible (left hand)
 m - a ring of fire
 r - an amulet of regeneration (around neck)
 s - a ring of positive energy
 t - a ring of poison resistance (right hand)
 v - an amulet of the acrobat
 E - an amulet of guardian spirit
 J - a ring of flight
 L - a +4 ring of protection
Wands
 q - a wand of acid (10)
 A - a wand of flame (21)
 B - a wand of iceblast (10)
Scrolls
 n - a scroll of revelation
 u - 10 scrolls of identify
 x - 4 scrolls of vulnerability
 y - a scroll of teleportation
 C - 2 scrolls of fog
 D - 2 scrolls of amnesia
 I - 2 scrolls of fear
Potions
 d - a potion of might
 e - a potion of haste
 f - 6 potions of curing
 g - a potion of resistance
 o - 5 potions of enlightenment
 p - a potion of invisibility
 w - a potion of berserk rage
 z - 2 potions of lignification
 K - a potion of cancellation
 M - a potion of ambrosia
 N - a potion of magic


   Skills:
 - Level 16.3 Fighting
 - Level 16.0 Axes
 + Level 7.0 Armour
 + Level 7.0 Shields
 - Level 9.0 Invocations


You had 12 spell levels left.
You didn't know any spells.
Your spell library contained the following spells:

 Spells                   Type           Power      Damage    Failure   Level
 Sandblast                Erth           0%         2d4       100%        1
 Passwall                 Erth           0%         N/A       100%        3
 Stone Arrow              Conj/Erth      0%         3d7       100%        3
 Brom's Barrelling Bould  Conj/Erth      0%         2d3       100%        4
 Alistair's Intoxication  Alch           0%         N/A       100%        5
 Borgnjor's Vile Clutch   Necr/Erth      0%         N/A       100%        5
 Eringya's Noxious Bog    Alch           0%         4d6       100%        6


Dungeon Overview and Level Annotations

Branches:
Dungeon (11/15)            Temple (1/1) D:5            Lair (3/5) D:11
  Swamp (0/4) Lair:3        Snake (0/4) Lair:2          Orc (0/2) D:10

Altars:
Ashenzari
Cheibriados
Dithmenos
Elyvilon
Fedhas
Gozag
Hepliaklqana
Kikubaaqudgha
Makhleb
Nemelex Xobeh
Okawaru
Qazlal
Ru
Sif Muna
Trog
Uskayaw
Vehumet
Wu Jian
Xom
Yredelemnul
Zin
The Shining One

Shops:
D:1 *   D:3 (!*![

Annotations:
Lair:3 Rupert


Innate Abilities, Weirdness & Mutations

You have a pair of horns on your head.
You reflexively headbutt those who attack you in melee.


Message History

You are electrocuted!
* * * LOW HITPOINT WARNING * * *
Unknown command.
You fade into invisibility!
Rupert closely misses you.
Unknown command.
You strike the helpless Rupert from behind!
You hit Rupert but do no damage. You headbutt Rupert, but do no damage.
Rupert is heavily wounded.
You catch the helpless Rupert completely off-guard!
You slice Rupert!!
Rupert is heavily wounded.
Rupert barely misses you. You furiously retaliate!
You headbutt Rupert! You slash Rupert!
Rupert is severely wounded.
Rupert hits you with a +2 battleaxe of electrocution!
* * * LOW HITPOINT WARNING * * *
You are electrocuted!!
* * * LOW HITPOINT WARNING * * *
You feel much better. Rupert barely misses you. You furiously retaliate!
You headbutt Rupert.
Unknown command.
You feel very mighty all of a sudden. Rupert hits you but does no damage.
You are electrocuted!
* * * LOW HITPOINT WARNING * * *
You catch the helpless Rupert completely off-guard!
You slice Rupert!! Your headbutt misses Rupert.
Rupert is almost dead.
Rupert is no longer berserk.
Unknown command.
You barely miss Rupert. You headbutt Rupert!!
Rupert is almost dead.
Rupert says, "Strength rules this world!"
Rupert roars wildly at you.
You suddenly lose the ability to move!
Rupert hits you with a +2 battleaxe of electrocution.
* * * LOW HITPOINT WARNING * * *
Rupert hits you with a +2 battleaxe of electrocution!!
You die...
Rupert roars with triumph.

### ### ##
####.#####.########.### ## ##
###.#.#.##..#..#.##.#.#.##.#.##.#
............†....................
...†............@................
............##.@+#..##..P........
#...........#....................
###.........................###..
#.P###.##....PP.##.#......##...
#.## ####................# #P..
#.# #.....##P#####....###... ..#
#.....#### #......##... .. ...
##.....####..


You could see Rupert (unable to see you, slow).

Vanquished Creatures
  A catoblepas (Lair:1)
  A two-headed ogre (D:8)
  Urug (Lair:2)
  Nergalle (Lair:1)
  An ugly thing (D:8)
  Maurice (D:7)
  A torpor snail (Lair:2)
  7 elephants
  6 black mambas
  A gargoyle (D:6)
  4 cane toads
  An unseen horror (D:10)
  Jeremiah (D:7)
  2 komodo dragons (Lair:1)
  2 polar bears (D:9)
  4 trolls
  A hornet (D:9)
  2 dream sheep (Lair:1)
  11 blink frogs
  A wraith (D:11)
  2 wyverns
  A shadow (D:9)
  25 yaks
  2 basilisks
  3 steam dragons
  4 swamp worms
  14 water moccasins
  An acid dragon (D:9)
  A sky beast (D:7)
  3 ice beasts (D:9)
  An orc warrior (D:8)
  2 black bears
  17 wolves
  4 ogres
  The ghost of Dreamthief the Vexing, an amateur FoHs (D:3)
  2 phantoms (D:5)
  4 centaurs
  3 kobold brigands
  6 bullfrogs
  A gnoll sergeant (D:5)
  2 scorpions (D:7)
  A hornet simulacrum (D:9)
  17 killer bees
  A howler monkey (D:9)
  7 electric eels
  A wyvern simulacrum (D:9)
  A gnoll bouda (D:8)
  6 orc priests
  2 hounds
  2 jellies
  4 sleepcaps
  5 iguanas
  9 hell rats
  11 orc wizards
  2 centaur simulacra (D:9)
  15 adders
  3 gnolls
  A shadow imp (D:5)
  3 white imps
  A howler monkey simulacrum (D:9)
  5 ufetubi
  7 dart slugs
  2 ribbon worms
  27 orcs
  8 ball pythons
  9 endoplasms
  6 giant cockroaches
  7 goblins
  5 hobgoblins
  4 jackals (D:4)
  3 quokkas
  3 bats
  A frilled lizard (D:3)
  16 kobolds
  7 rats
351 creatures vanquished.

Notes
Turn   | Place    | Note
-------+----------+-------------------------------------------
     0 | D:1      | nuthulu the Minotaur Fighter began the quest for the Orb.
     0 | D:1      | Reached XP level 1. HP: 19/19 MP: 0/0
   175 | D:1      | Reached XP level 2. HP: 27/27 MP: 1/1
   463 | D:1      | Found Doskoohu's Assorted Antiques.
   780 | D:2      | Reached XP level 3. HP: 22/34 MP: 2/2
  1119 | D:2      | Identified a scroll of acquirement
  1119 | D:2      | Acquired 1113 gold pieces
  1501 | D:3      | Reached skill level 5 in Fighting
  1501 | D:3      | Reached XP level 4. HP: 42/42 MP: 3/3
  1512 | D:3      | Found Suowobberusch's Weapon Boutique.
  1662 | D:3      | Found Toat's Distillery.
  1665 | D:3      | Bought a potion of curing for 33 gold pieces
  1665 | D:3      | Bought a potion of curing for 33 gold pieces
  1665 | D:3      | Bought a potion of haste for 110 gold pieces
  1665 | D:3      | Bought a potion of invisibility for 88 gold pieces
  1665 | D:3      | Bought a potion of invisibility for 88 gold pieces
  1779 | D:3      | Found Voipsauj's General Store.
  1789 | D:3      | Bought a scroll of identify for 20 gold pieces
  1789 | D:3      | Bought a ring of positive energy for 200 gold pieces
  1789 | D:3      | Bought a ring of poison resistance for 200 gold pieces
  1789 | D:3      | Bought a scroll of identify for 20 gold pieces
  1871 | D:3      | Found Xeocoacoel's Armour Boutique.
  1877 | D:3      | Bought a +0 plate armour for 299 gold pieces
  2021 | D:3      | Reached XP level 5. HP: 49/50 MP: 4/4
  2027 | D:3      | Found Gank's Distillery.
  2030 | D:3      | Bought a potion of curing for 33 gold pieces
  2030 | D:3      | Bought a potion of heal wounds for 55 gold pieces
  2124 | D:3      | Found a transporter.
  2127 | D:3      | Noticed Dreamthief's ghost (amateur FoHs)
  2128 | D:3      | Found a transporter.
  2143 | D:3      | Reached skill level 5 in Axes
  2145 | D:3      | Killed Dreamthief's ghost
  2146 | D:3      | Reached XP level 6. HP: 18/58 MP: 5/5
  3335 | D:5      | Entered Level 5 of the Dungeon
  3380 | D:5      | Reached XP level 7. HP: 60/66 MP: 6/6
  3398 | D:5      | Found a staircase to the Ecumenical Temple.
  3457 | Temple   | Entered the Ecumenical Temple
  3464 | Temple   | Became a worshipper of Warmaster Okawaru
  3909 | D:5      | Found a broken altar of Ashenzari.
  3909 | D:5      | Found a glowing golden altar of the Shining One.
  4028 | D:5      | Found an ornate altar of the Wu Jian Council.
  4147 | D:5      | Reached XP level 8. HP: 75/75 MP: 7/7
  4564 | D:6      | Reached * piety under Okawaru
  4571 | D:6      | Identified the +1 robe of the Comet {Rampage ^Drain Regen+
                  | Stlth+}
  4675 | D:6      | Noticed a gargoyle
  4688 | D:6      | Killed a gargoyle
  4769 | D:6      | Reached skill level 10 in Fighting
  5064 | D:6      | Reached skill level 10 in Axes
  5281 | D:7      | Reached XP level 9. HP: 81/86 MP: 8/8
  5361 | D:7      | Noticed Jeremiah
  5378 | D:7      | Killed Jeremiah
  5378 | D:7      | Reached ** piety under Okawaru
  5379 | D:7      | Reached skill level 1 in Invocations
  5787 | D:7      | Noticed Maurice
  5817 | D:7      | Maurice stole 289 gold
  5820 | D:7      | Maurice stole an amulet of guardian spirit
  5823 | D:7      | Killed Maurice
  6408 | D:8      | Noticed a two-headed ogre
  6409 | D:8      | Noticed a red ugly thing
  6417 | D:8      | Killed a two-headed ogre
  6418 | D:8      | Reached XP level 10. HP: 68/97 MP: 9/12
  6421 | D:8      | Killed a red ugly thing
  6421 | D:8      | Reached *** piety under Okawaru
  6422 | D:8      | Reached skill level 5 in Invocations
  7218 | D:9      | Reached **** piety under Okawaru
  7750 | D:9      | Reached XP level 11. HP: 107/107 MP: 15/15
  7868 | D:9      | Reached ***** piety under Okawaru
  8298 | D:9      | Found a bloodstained altar of Trog.
  8598 | D:10     | Entered Level 10 of the Dungeon
  8598 | D:10     | Found a staircase to the Orcish Mines.
  9993 | D:11     | Found a staircase to the Lair.
 10139 | D:11     | Noticed a death knight
 10222 | Lair:1   | Entered Level 1 of the Lair of Beasts
 10268 | Lair:1   | Noticed Nergalle
 10282 | Lair:1   | Killed Nergalle
 10433 | Lair:1   | Received a gift from Okawaru
 11207 | Lair:1   | Reached skill level 15 in Fighting
 11392 | Lair:2   | Reached XP level 12. HP: 119/119 MP: 17/17
 11460 | Lair:2   | Reached skill level 15 in Axes
 11539 | Lair:2   | Received a gift from Okawaru
 11563 | Lair:2   | Found a staircase to the Snake Pit.
 11695 | Lair:2   | Noticed a catoblepas
 11725 | Lair:1   | Killed a catoblepas
 12035 | Lair:2   | Noticed Urug
 12051 | Lair:2   | Killed Urug
 12173 | Lair:2   | Received a gift from Okawaru
 12478 | Lair:2   | Reached skill level 5 in Armour
 12478 | Lair:2   | Reached skill level 5 in Shields
 13239 | Lair:3   | Found a staircase to the Swamp.
 13331 | Lair:3   | Reached XP level 13. HP: 112/130 MP: 18/18
 13363 | Lair:3   | Noticed Rupert
 13410 | Lair:3   | HP: 6/129 [Rupert/+2 battleaxe of electrocution (19)]
 13414 | Lair:3   | Paralysed by Rupert for 3 turns
 13417 | Lair:3   | Slain by Rupert

Illustrated notes

Levels and vault maps discovered:
D:1:      psy_arrival_terrarium, layout_loops_ring, serial_shops, shop
D:2:      layout_basic
D:3:      wander_river, layout_basic, serial_shops,
          nicolae_shop_window_shopping, shop, nicolae_shop_bloodbath_and_beyond,
          nicolae_shop_back_alley_shop, shop, gammafunk_ghost_arena
D:4:      minmay_wonky_spiral, layout_cave_pods
D:5:      layout_loops_cross, mainiacjoe_overflow_divided_tiny,
          mainiacjoe_overflow_cross_hatched, temple_fountains,
          grunt_decor_mini_mirrors
D:6:      cheibrodos_thug_alley, layout_basic
D:7:      kb_forest_paths, layout_basic, uniq_jeremiah, uniq_maurice
D:8:      wad_cavern_with_rooms, layout_loops_ring
D:9:      layout_loops_cross, trog_antimagical, serial_ice, serial_ice_h,
          serial_ice_g, serial_ice_f, serial_ice_o, serial_ice_m, serial_ice_j,
          serial_ice_a, serial_ice_b, serial_ice_e, serial_ice_d, minmay_holes
D:10:     layout_gridville, orc_0_dummy, worms_lemuel
D:11:     layout_long_grid, lair_entry_dummy
Temple:   nicolae_temple_no_exploring_needed
Lair:1:   layout_roguey, infiniplex_staircase_pool, grunt_megastairs_4,
          uniq_nergalle
Lair:2:   layout_concentric_octagons, minmay_snake_entry_six_corridors,
          serial_bayou_shore_a, uniq_urug
Lair:3:   cheibrodos_lair_overgrown_chateau, layout_chaotic_city,
          nicolae_swamp_entry_splash_gauntlet, uniq_rupert

Skill      XL: |  1  2  3  4  5  6  7  8  9 10 11 12 13 |
---------------+----------------------------------------+-----
Fighting       | 4 5 6 7 8 10 12 13 15 16 | 16.3
Axes           | 3 4 5 6 8 10 11 13 14 16 | 16.0
Invocations    | 4 7 9 |  9.0
Armour         | 6 7 |  7.0
Shields        | 6 7 |  7.0

Action                     |  1- 3 |  4- 6 |  7- 9 | 10-12 | 13-15 || total
---------------------------+-------+-------+-------+-------+-------++-------
  Melee: War axe           |    72 |   101 |   203 |   581 |    23 ||   980
         Headbutt          |    11 |    13 |    33 |   124 |     5 ||   186
 Invoke: Heroism           |       |       |     3 |     6 |       ||     9
  Evoke: Wand              |       |       |     2 |     3 |       ||     5
    Use: Scroll            |     6 |     9 |     5 |     7 |       ||    27
         Potion            |       |     1 |     2 |     2 |     4 ||     9
   Stab: Invisible         |       |       |       |     1 |     3 ||     4
 Armour: Scale mail        |    56 |    29 |       |       |       ||    85
         Plate armour      |       |    72 |   142 |   687 |    17 ||   918
  Dodge: Dodged            |    34 |    37 |    91 |   217 |     9 ||   388
  Block: Buckler           |    17 |    36 |    47 |   142 |     5 ||   247

Table legend: (Time is in decaauts)
 A = Elapsed time spent in this place.
 B = Non-inter-level travel time spent in this place.
 C = Inter-level travel time spent in this place.
 D = Time resting spent in this place.
 E = Time spent auto-exploring this place.
 F = Levels seen in this place.
 G = Mean time per level.
                   A        B        C        D        E       F      G
               +--------+--------+--------+--------+--------+-----+--------+
         Total |  13421 |  13105 |    316 |   2814 |   7619 |  15 |  894.7 |
       Dungeon |  10275 |  10010 |    265 |   2085 |   5913 |  11 |  934.1 |
        Temple |     14 |      7 |      7 |      0 |      0 |   1 |   14.0 |
          Lair |   3131 |   3087 |     44 |    729 |   1706 |   3 | 1043.7 |
               +--------+--------+--------+--------+--------+-----+--------+

Top non-repeatable levels by time:
     D:9: 1644 daAuts
  Lair:2: 1213 daAuts
     D:4: 1201 daAuts
    D:10: 1199 daAuts
  Lair:1: 1167 daAuts
     D:5: 1011 daAuts
     D:8: 890 daAuts
     D:7: 887 daAuts
     D:3: 886 daAuts
     D:1: 781 daAuts
  Lair:3: 750 daAuts
     D:2: 722 daAuts
     D:6: 623 daAuts
    D:11: 426 daAuts
  Temple: 14 daAuts
